 Dungeon Crawl Stone Soup version 0.19.0-22-gd96e5fe (webtiles) character file.

118797 evildog the Severer (level 16, 0/151 HPs)
             Began as a Hill Orc Fighter on Nov 18, 2016.
             Was the Champion of Okawaru.
             Slain by a six-headed hydra (12 damage)
             ... on level 3 of the Swamp.
             The game lasted 01:34:27 (35697 turns).

evildog the Severer (Hill Orc Fighter)             Turns: 35697, Time: 01:34:28

Health: 0/151      AC: 30    Str: 26    XL:     16   Next: 77%
Magic:  22/22      EV: 13    Int:  8    God:    Okawaru [******]
Gold:   713        SH:  0    Dex: 13    Spells: 0 memorised, 15 levels left

rFire  . . .     SeeInvis +     Q - +4 executioner's axe (flame)
rCold  + . .     Gourm    .     r - +6 chain mail of Sin {rElec rN+}
rNeg   + . .     Faith    .     (shield currently unavailable)
rPois  .         Spirit   .     m - +1 hat {SInv}
rElec  +         Reflect  .     V - +2 cloak
rCorr  .         Harm     .     W - +2 pair of gloves {Dex+3}
MR     ++...                    U - +1 pair of boots {Fly}
Stlth  ..........               (no amulet)
                                B - ring of protection from cold
                                y - ring of protection from magic

@: flying
A: no striking features
a: Heroism, Finesse, Renounce Religion, Stop Flying


You were on level 3 of the Swamp.
You worshipped Okawaru.
Okawaru was exalted by your worship.
You were not hungry.

You visited 6 branches of the dungeon, and saw 29 of its levels.

You collected 2088 gold pieces.
You spent 1375 gold pieces at shops.

Inventory:

Hand Weapons
 D - a +6 vampiric battleaxe
 Q - a +4 executioner's axe of flaming (weapon)
Missiles
 O - 2 silver javelins (quivered)
Armour
 c - a +1 crystal plate armour
 m - a +1 hat of see invisible (worn)
 r - the +6 chain mail of Sin (worn) {rElec rN+}
   (Okawaru gifted it to you on level 1 of the Spider Nest)

   It insulates you from electricity.
   It protects you from negative energy.
 F - a +2 shield of reflection
 U - a +1 pair of boots of flying (worn)
 V - a +2 cloak (worn)
 W - a +2 pair of gloves of dexterity (worn)
Rods
 I - a +1 rod of clouds (11/11)
   (You found it on level 1 of the Spider Nest)
Jewellery
 a - an uncursed ring of ice
 q - an uncursed ring of resist corrosion
 y - a ring of protection from magic (left hand)
 z - a +3 ring of protection
 B - a ring of protection from cold (right hand)
Wands
 b - a wand of teleportation (3/9)
 v - a wand of digging (8/24)
 A - a wand of slowing (32/48)
 P - a wand of digging (7/24)
Scrolls
 d - a scroll of fear
 h - 5 scrolls of remove curse
 k - 7 scrolls of blinking
 p - a scroll of magic mapping
 t - 6 scrolls of recharging
 u - 4 scrolls of teleportation
 w - a scroll of holy word {unknown}
 x - 3 scrolls of fog
 E - a scroll of brand weapon
 K - 9 scrolls of enchant armour
 Y - a scroll of torment {unknown}
Potions
 e - 2 potions of invisibility
 j - 3 potions of haste
 n - 7 potions of curing
 C - 2 potions of heal wounds
 G - a potion of experience {unknown}
 L - 3 potions of ambrosia
 M - a potion of resistance
 N - a potion of cure mutation
 S - 2 potions of berserk rage
 T - a potion of agility
Miscellaneous
 o - a lamp of fire
 s - a sack of spiders
Comestibles
 f - 19 bread rations
 g - 2 royal jellies
 i - 9 meat rations
 l - 3 beef jerkies
 X - 2 fruits


   Skills:
 * Level 15.9 Fighting
 * Level 20.3 Axes
 + Level 14.9 Armour
 * Level 8.9 Dodging
 - Level 8.9 Shields
 - Level 6.0 Unarmed Combat
 - Level 8.0 Invocations


You had 15 spell levels left.
You didn't know any spells.

Dungeon Overview and Level Annotations

Branches:
Dungeon (15/15)            Temple (1/1) D:5            Lair (6/6) D:11
  Swamp (3/4) Lair:2       Spider (2/4) Lair:4          Orc (2/2) D:10
    Elf (0/3) Orc:2        Vaults (0/5) D:13         Depths (0/5) D:15
  Slime: Lair:5-6

Altars:
Ashenzari
Cheibriados
Dithmenos
Elyvilon
Fedhas
Gozag
Hepliaklqana
Kikubaaqudgha
Makhleb
Nemelex Xobeh
Okawaru
Qazlal
Ru
Sif Muna
Trog
Uskayaw
Vehumet
Xom
Yredelemnul
Zin
The Shining One
Beogh

Shops:
D:5 }   D:7 (   Orc:2 ![[!

Annotations:
D:4 exclusion: oklob plant
D:8 exclusion: 2 oklob plants
Lair:5 exclusion: oklob plant


Message History

The six-headed hydra bites you but does no damage.
The six-headed hydra bites you!
* * * LOW HITPOINT WARNING * * *
The six-headed hydra barely misses you.
The six-headed hydra bites you but does no damage.
A komodo dragon comes into view.
You're too confused!
There are monsters nearby!
Evoke which item? (* to show all) (? for menu, Esc to quit)
Zapping:
b - a wand of teleportation {recharged} (will waste charges)
Press: ? - help, Shift-Dir - straight line, f - you Nothing appears to happen.
Evoking this partially-identified wand wasted a few charges.
You feel less confused.
The spriggan rider throws a stone.
The stone hits you.
* * * LOW HITPOINT WARNING * * *
The six-headed hydra bites you!!
* * * LOW HITPOINT WARNING * * *
The six-headed hydra bites you!
You die...

≈.♣♣♣♣♣♣ ≈.♣♣≈≈≈♣♣♣♣
....≈≈≈≈≈≈| ≈≈♣♣.≈≈.♣≈♣
§..≈≈≈≈≈≈≈ ≈..≈≈....≈♣♣
.♣..≈≈≈≈≈≈ ≈≈≈≈♣♣♣...≈♣
♣.)..≈≈≈≈≈ .≈≈≈≈♣.≈≈≈≈♣♣
♣.i..w≈≈≈.
.≈≈≈.♣≈≈≈...♣♣♣).≈.≈...≈
≈≈≈≈>♣.≈≈≈≈≈.≈♣♣)Dw...♣
♣♣≈....≈≈≈≈≈..l)@♣
≈.≈≈≈≈§≈≈≈≈..i)♣♣
..≈≈≈≈≈§≈≈≈.♣♣♣♣
♣≈......≈≈≈≈♣
♣..≈.≈♣.≈≈.♣♣
♣.≈≈.≈...♣♣ .≈♣.. .♣♣≈≈


You could see a six-headed hydra, a tyrant leech (confused), a spriggan rider, a
komodo dragon, a swamp worm and a spriggan (confused).

Vanquished Creatures
  Arachne (Spider:2)
  Frances (D:14)
  Kirke (Swamp:3)
  Agnes (D:14)
  An emperor scorpion (Spider:2)
  A dire elephant (D:15)
  The ghost of dscm the Octopoid Aeon, a journeyman OpEE of Cheibriados (D:12)
  Josephine (Lair:4)
  A vault guard (D:13)
  Erolcha (D:9)
  7 hydras
  3 centaur warriors
  Erica (D:10)
  3 alligators (Swamp:2)
  3 tengu warriors
  4 orc high priests (Orc:2)
  6 death yaks
  An unseen horror (D:14)
  3 spriggan druids (Swamp:3)
  A shambling mangrove (Swamp:1)
  2 swamp dragons
  4 hill giants
  2 orc knights
  11 orb spiders
  5 ugly things
  A deep elf mage (D:15)
  A salamander (D:15)
  4 cyclopes
  2 manticores
  An orc sorcerer (Orc:2)
  12 wolf spiders
  3 centaur zombies
  20 elephants
  9 black mambas
  Maurice (D:10)
  A guardian serpent (Lair:6)
  4 centaur skeletons
  2 gargoyles (D:11)
  14 spiny frogs
  An efreet (D:15)
  A torpor snail (Lair:2)
  5 kobold demonologists
  3 rime drakes
  11 komodo dragons
  4 demonic crawlers
  12 trolls
  2 tengu conjurers
  10 jumping spiders
  A polar bear (Lair:4)
  4 tyrant leeches
  8 hornets
  3 two-headed ogres
  4 bog bodies
  6 slime creatures
  24 blink frogs
  5 hippogriffs
  6 shadows
  10 redbacks
  A spriggan (Swamp:1)
  3 hogs (Swamp:3)
  7 wyverns
  6 tarantellas
  6 wraiths
  3 basilisks
  37 yaks
  2 hungry ghosts
  12 vampire mosquitoes
  4 wargs
  A soldier ant (D:12)
  10 swamp worms
  2 mottled dragons
  23 water moccasins
  An eye of draining (D:11)
  3 sky beasts
  A black bear (D:6)
  21 orc warriors
  5 swamp drakes
  5 ice beasts
  5 phantoms
  14 porcupines
  11 ogres
  A tengu (shapeshifter) (D:13)
  4 centaurs
  4 wolves
  2 big kobolds
  15 crocodiles
  12 bullfrogs
  2 water moccasin skeletons
  2 scorpions
  8 killer bees
  4 wights (D:10)
  4 howler monkeys
  2 electric eels (Spider:2)
  11 jellies
  6 crimson imps
  2 bullfrog zombies
  4 quasits
  20 orc priests
  6 hounds
  2 bullfrog skeletons
  2 iguanas
  14 orc wizards
  Natasha (D:3)
  16 worker ants
  2 hound zombies (D:9)
  A hound skeleton (D:11)
  2 worker ant zombies
  2 gnolls
  2 howler monkey skeletons
  16 adders
  2 river rats
  3 shadow imps
  14 oozes
  An adder zombie (D:5)
  2 adder skeletons
  A worm (D:5)
  3 dart slugs (D:1)
  6 leopard geckos
  50 orcs
  5 giant cockroaches
  6 goblins
  6 hobgoblins
  19 jackals
  2 quokkas
  2 ball pythons
  18 bats
  2 frilled lizards
  21 kobolds
  20 rats
  5 bushes (Lair:5)
  5 fungi
  10 plants
816 creatures vanquished.

Vanquished Creatures (others)
  5 dream sheep (Lair:1)
  3 spriggans (Swamp:3)
  2 humans (Swamp:3)
  A bush (Lair:6)
  33 fungi
  16 plants
60 creatures vanquished.

Grand Total: 876 creatures vanquished

Notes
Turn   | Place    | Note
-------+----------+-------------------------------------------
     0 | D:1      | evildog the Hill Orc Fighter began the quest for the Orb.
     0 | D:1      | Reached XP level 1. HP: 19/19 MP: 1/1
    29 | D:1      | Reached skill level 3 in Axes
    35 | D:1      | Reached XP level 2. HP: 25/26 MP: 2/2
   267 | D:1      | Reached skill level 4 in Axes
   568 | D:1      | Reached XP level 3. HP: 30/31 MP: 3/3
   755 | D:1      | Reached skill level 5 in Axes
  1178 | D:2      | Reached XP level 4. HP: 39/39 MP: 4/4
  1455 | D:2      | Reached skill level 6 in Axes
  2121 | D:3      | Reached XP level 5. HP: 45/45 MP: 5/5
  2218 | D:3      | Noticed Natasha
  2231 | D:3      | Killed Natasha
  2297 | D:3      | Reached skill level 7 in Axes
  2355 | D:4      | Noticed an ogre
  2367 | D:4      | Killed an ogre
  2367 | D:4      | Reached skill level 8 in Axes
  2367 | D:4      | Reached XP level 6. HP: 35/51 MP: 6/6
  2995 | D:4      | Reached skill level 9 in Axes
  3036 | D:4      | Found a blossoming altar of Fedhas.
  3051 | D:4      | Noticed an oklob plant
  3488 | D:4      | Reached XP level 7. HP: 46/58 MP: 7/7
  3620 | D:5      | Entered Level 5 of the Dungeon
  4077 | D:5      | Reached skill level 5 in Fighting
  4077 | D:5      | Reached skill level 10 in Axes
  4181 | D:5      | Found a staircase to the Ecumenical Temple.
  4220 | Temple   | Entered the Ecumenical Temple
  4354 | D:5      | Found a burning altar of Makhleb.
  4370 | D:5      | Found Ippuc's Gadget Emporium.
  4549 | D:5      | Reached XP level 8. HP: 70/70 MP: 8/8
  5190 | D:6      | Found a shimmering altar of Xom.
  5268 | D:6      | Found a shadowy altar of Dithmenos.
  5286 | D:6      | Reached skill level 11 in Axes
  5522 | D:6      | Found a hide-covered altar of Uskayaw.
  5527 | D:6      | Found an iron altar of Okawaru.
  5987 | D:7      | Reached skill level 12 in Axes
  5987 | D:7      | Reached XP level 9. HP: 36/81 MP: 9/9
  6712 | D:6      | Became a worshipper of Warmaster Okawaru
  6820 | D:7      | You fall through a shaft!
  6851 | D:8      | Reached skill level 1 in Invocations
  7209 | D:7      | Found Xawyklug's Antique Weapon Boutique.
  7217 | D:7      | Bought a runed battleaxe for 387 gold pieces
  7645 | D:8      | Found a blossoming altar of Fedhas.
  7647 | D:8      | Noticed an oklob plant
  7647 | D:8      | Noticed an oklob plant
  8412 | D:9      | Reached * piety under Okawaru
  8412 | D:9      | Reached skill level 5 in Invocations
  8684 | D:9      | Reached skill level 13 in Axes
  8837 | D:10     | Entered Level 10 of the Dungeon
  8837 | D:10     | Noticed Erolcha
  8843 | D:10     | Noticed Maurice
  8858 | D:9      | Killed Erolcha
  8858 | D:9      | Reached ** piety under Okawaru
  8858 | D:9      | Reached skill level 10 in Fighting
  8858 | D:9      | Reached skill level 5 in Armour
  8858 | D:9      | Reached XP level 10. HP: 38/93 MP: 12/14
  9195 | D:10     | Killed Maurice
  9307 | D:10     | Noticed Erica
  9330 | D:10     | Killed Erica
  9330 | D:10     | Reached *** piety under Okawaru
  9878 | D:10     | Found a staircase to the Orcish Mines.
 10114 | D:10     | Reached **** piety under Okawaru
 10527 | D:11     | Received a gift from Okawaru
 10544 | D:11     | Noticed a hill giant
 10556 | D:11     | Killed a hill giant
 10556 | D:11     | Reached XP level 11. HP: 73/101 MP: 16/16
 10706 | Orc:1    | Entered Level 1 of the Orcish Mines
 10706 | Orc:1    | Found a burning altar of Makhleb.
 10750 | Orc:1    | Found a roughly hewn altar of Beogh.
 10994 | D:11     | Reached skill level 14 in Axes
 11450 | D:11     | Noticed a hill giant
 11461 | D:11     | Killed a hill giant
 11525 | D:11     | Reached ***** piety under Okawaru
 11728 | D:11     | Reached skill level 5 in Shields
 11995 | D:11     | Found a staircase to the Lair.
 12011 | D:11     | Noticed a cyan ugly thing
 12016 | Lair:1   | Entered Level 1 of the Lair of Beasts
 12718 | Lair:1   | Noticed a four-headed hydra
 12767 | Lair:1   | Found a shimmering altar of Xom.
 12865 | Lair:1   | Received a gift from Okawaru
 13195 | D:11     | Killed a cyan ugly thing
 13514 | D:11     | Noticed a cyclops
 13524 | D:11     | Killed a cyclops
 13737 | D:11     | Reached skill level 15 in Axes
 13758 | D:11     | Noticed a cyclops
 13769 | D:11     | Killed a cyclops
 13900 | D:11     | Reached XP level 12. HP: 109/112 MP: 18/18
 14055 | D:12     | Noticed dscm's ghost (journeyman OpEE)
 14144 | D:11     | Received a gift from Okawaru
 14345 | D:11     | Reached skill level 1 in Unarmed Combat
 15576 | Lair:2   | Noticed a death yak
 15610 | Lair:2   | Noticed a death yak
 15633 | Lair:1   | Killed a death yak
 15676 | Lair:1   | Killed a death yak
 15676 | Lair:1   | Reached skill level 10 in Armour
 16007 | Lair:2   | Found a staircase to the Swamp.
 16456 | Lair:2   | Reached ****** piety under Okawaru
 16456 | Lair:2   | Received a gift from Okawaru
 16456 | Lair:2   | Reached skill level 16 in Axes
 17619 | Lair:3   | Reached XP level 13. HP: 118/118 MP: 19/19
 18296 | Lair:3   | Received a gift from Okawaru
 18500 | Lair:4   | Found a hole to the Spider Nest.
 18832 | Lair:4   | Noticed Josephine
 18872 | Lair:3   | Reached skill level 5 in Unarmed Combat
 18931 | Lair:4   | Killed Josephine
 19141 | Lair:4   | Reached skill level 17 in Axes
 19151 | Lair:4   | You fall through a shaft for 2 floors!
 19151 | Lair:6   | Entered Level 6 of the Lair of Beasts
 20292 | Lair:5   | Found an ancient bone altar of Kikubaaqudgha.
 21325 | Lair:6   | Found a sacrificial altar of Ru.
 21599 | Lair:6   | Received a gift from Okawaru
 21601 | Lair:6   | Reached XP level 14. HP: 110/126 MP: 20/20
 21785 | Lair:6   | Reached skill level 1 in Dodging
 21878 | Lair:6   | Paralysed by a hornet for 2 turns
 22838 | Lair:6   | Received a gift from Okawaru
 23057 | Lair:6   | Reached skill level 18 in Axes
 24351 | Lair:1   | You fall through a shaft!
 24564 | D:12     | Received a gift from Okawaru
 24573 | D:12     | Killed dscm's ghost
 26280 | D:13     | Found a gate to the Vaults.
 26449 | D:14     | Reached skill level 5 in Dodging
 26484 | D:14     | Reached XP level 15. HP: 127/136 MP: 21/21
 26708 | D:14     | Received a gift from Okawaru
 26972 | D:14     | Noticed Agnes
 26988 | D:14     | Killed Agnes
 27296 | D:14     | Noticed Frances
 27313 | D:14     | Killed Frances
 27313 | D:14     | Reached skill level 19 in Axes
 27545 | D:15     | Entered Level 15 of the Dungeon
 28203 | D:15     | Found a staircase to the Depths.
 28339 | D:15     | Found a shattered altar of Ashenzari.
 28669 | D:14     | Received a gift from Okawaru
 28847 | Orc:2    | Entered Level 2 of the Orcish Mines
 29018 | Orc:2    | Found a staircase to the Elven Halls.
 29448 | Orc:2    | Found Muche's Distillery.
 29448 | Orc:2    | Found Roloeh's Distillery.
 29448 | Orc:2    | Found Roopny's Antique Armour Emporium.
 29454 | Orc:2    | Found Deri's Armour Shoppe.
 29936 | Orc:2    | Bought a potion of cure mutation for 275 gold pieces
 29936 | Orc:2    | Bought a potion of heal wounds for 55 gold pieces
 29938 | Orc:2    | Bought a glowing cloak for 294 gold pieces
 29938 | Orc:2    | Bought a pair of glowing gloves for 294 gold pieces
 29961 | Orc:2    | Bought a potion of heal wounds for 70 gold pieces
 30300 | Swamp:1  | Entered Level 1 of the Swamp
 30644 | Swamp:1  | Paralysed by a hornet for 2 turns
 31294 | Spider:1 | Entered Level 1 of the Spider Nest
 31361 | Spider:1 | Reached XP level 16. HP: 126/147 MP: 22/22
 31366 | Spider:1 | Reached skill level 15 in Fighting
 31467 | Spider:1 | Identified a +1 rod of clouds (11/11) (You found it on level 1 of the Spider Nest)
 32747 | Spider:1 | Received a gift from Okawaru
 32914 | Spider:1 | Got a shimmering chain mail {god gift}
 32925 | Spider:1 | Identified the +6 chain mail of Sin {rElec rN+} (Okawaru gifted it to you on level 1 of the Spider Nest)
 33565 | Spider:2 | Noticed Arachne
 33605 | Spider:2 | Killed Arachne
 33924 | Spider:2 | Reached skill level 20 in Axes
 35239 | Swamp:3  | Noticed Kirke
 35262 | Swamp:3  | Killed Kirke
 35689 | Swamp:3  | Received a gift from Okawaru
 35697 | Swamp:3  | Slain by a six-headed hydra

Skill      XL: |  1  2  3  4  5  6  7  8  9 10 11 12 13 14 15 16 |
---------------+-------------------------------------------------+-----
Axes           | 3 4 5 6 8 9 10 12 13 15 16 17 18 19 20 | 20.3
Fighting       | 5 8 10 11 12 13 14 15 | 15.9
Invocations    | 6 7 8 |  8.0
Armour         | 5 7 9 11 12 13 14 | 14.9
Shields        | 4 6 7 8 |  8.9
Unarmed Combat | 4 6 |  6.0
Dodging        | 5 7 8 |  8.9

Action                   |  1- 3 |  4- 6 |  7- 9 | 10-12 | 13-15 | 16-18 || total
-------------------------+-------+-------+-------+-------+-------+-------++-------
Melee: War axe           |   138 |   184 |   396 |    83 |       |       ||   801
       Battleaxe         |       |       |     6 |       |   951 |   202 ||  1159
       Hand axe          |       |       |       |   277 |       |       ||   277
       Broad axe         |       |       |       |   329 |   343 |       ||   672
       Mace              |       |       |       |    15 |       |       ||    15
       Executioner's axe |       |       |       |       |       |   101 ||   101
Throw: Javelin           |       |       |       |       |       |     3 ||     3
Evoke: Wand              |       |     2 |     4 |    27 |    14 |     5 ||    52
       Lamp of fire      |       |       |       |       |     1 |       ||     1
       Rod               |       |       |       |       |       |     3 ||     3
  Use: Scroll            |       |     6 |     3 |     5 |    11 |    13 ||    38
       Potion            |       |     1 |     4 |     5 |     1 |     2 ||    13
 Stab: Paralysed         |       |       |     1 |     2 |     3 |       ||     6
       Confused          |       |       |       |       |       |     3 ||     3
  Eat: Chunk             |       |     8 |    18 |    23 |    31 |     6 ||    86
       Fruit             |       |       |       |     8 |     3 |    10 ||    21
       Beef jerky        |       |       |       |       |     8 |       ||     8
       Pizza             |       |       |       |       |     1 |       ||     1
       Meat ration       |       |       |       |       |     1 |       ||     1
       Royal jelly       |       |       |       |       |       |     3 ||     3
Armor: Scale mail        |    57 |       |       |       |       |       ||    57
       Chain mail        |    30 |    75 |   220 |       |   383 |   284 ||   992
       Skin              |       |    13 |    33 |       |       |       ||    46
       Plate armour      |       |       |    44 |   369 |   563 |       ||   976
Dodge: Dodged            |    46 |    37 |    73 |   116 |   600 |   243 ||  1115
Block: Shield            |    59 |   107 |   196 |   335 |   142 |       ||   839
